| TOP OF THE 1ST |
|
Connecticut Tigers batting - Pitching for Mahoning Valley Scrappers : RHP Mike Staley
|
|
Pitching: RHP Mike Staley
|
|
|
Batting: RHB Seth Fox
|
0-0: Ball 1-0: SINGLE (Groundball, 25, EV 69.4 MPH) (infield hit)
|
|
Batting: RHB Tony Nunez
|
0-0: Called Strike Seth Fox steals 2nd base (no throw) 0-1: Swinging Strike 0-2: Ball 1-2: SINGLE (Groundball, 6D, EV 104.4 MPH) Seth Fox to third Runner from 3rd tries for Home, SAFE, throw by CF to home Tony Nunez to second
|
|
Batting: LHB Jon Pedlar
|
0-0: Called Strike 0-1: Ball 1-1: Swinging Strike 1-2: Strikes out looking
|
|
Batting: SHB Ronnie Lundy
|
0-0: Called Strike 0-1: SINGLE (Groundball, P, EV 86.2 MPH) (infield hit) Tony Nunez to third
|
|
Batting: RHB Yaremka Rzhevsky
|
0-0: Ball 1-0: Fly out, F8 (Flyball, 8RM, EV 93.1 MPH)
|
|
Batting: LHB Ryan Adams
|
0-0: Called Strike 0-1: Ground out 5-3 (Groundball, 56, EV 98.1 MPH)
|
| Top of the 1st over - 1 run, 3 hits, 0 errors, 2 left on base; Connecticut 1 - Mahoning Valley 0 |
| BOTTOM OF THE 1ST |
|
Mahoning Valley Scrappers batting - Pitching for Connecticut Tigers : LHP Randolph Main
|
|
Pitching: LHP Randolph Main
|
|
|
Batting: LHB Kazuyoshi Nakamura
|
0-0: Called Strike 0-1: Ball 1-1: SINGLE (Groundball, 34D, EV 100.6 MPH)
|
|
Batting: LHB Ben Rubenacker
|
0-0: Fielders Choice at 2nd, 6-4 (Groundball, 6, EV 90.6 MPH)
|
|
Batting: LHB Matt Steinke
|
0-0: Called Strike 0-1: Ball 1-1: Called Strike 1-2: Ball 2-2: Fielders Choice at 2nd, 4-6 (Groundball, 4, EV 83.1 MPH)
|
|
Batting: RHB Chris Folse
|
0-0: Ball 1-0: Ball 2-0: Swinging Strike 2-1: Foul Ball, location: 2F 2-2: Strikes out swinging
|
| Bottom of the 1st over - 0 runs, 1 hit, 0 errors, 1 left on base; Connecticut 1 - Mahoning Valley 0 |
| TOP OF THE 2ND |
|
Connecticut Tigers batting - Pitching for Mahoning Valley Scrappers : RHP Mike Staley
|
|
Batting: LHB Glen Boyle
|
0-0: DOUBLE (Flyball, 8LXD, EV 111.2 MPH)
|
|
Batting: RHB Dustin Bursell
|
0-0: Ball 1-0: Called Strike 1-1: DOUBLE (Line Drive, 9LS, EV 105.0 MPH) Glen Boyle scores
|
|
Batting: LHB Iestyn Peacock
|
0-0: Foul Ball, location: 2F 0-1: Ball 1-1: Swinging Strike 1-2: Strikes out swinging
|
|
Batting: RHB Seth Fox
|
0-0: Ball 1-0: Called Strike 1-1: Ball 2-1: Ball 3-1: SINGLE (Groundball, 56S, EV 68.8 MPH) (infield hit) Dustin Bursell to third
|
|
Batting: RHB Tony Nunez
|
0-0: Called Strike 0-1: Ball 1-1: Called Strike 1-2: Foul Ball, location: 2F 1-2: Ball 2-2: Strikes out looking Seth Fox steals 2nd base Batter strikes out.
|
|
Batting: LHB Jon Pedlar
|
0-0: Called Strike 0-1: Ball 1-1: Ball 2-1: Ground out 6-3 (Groundball, 4MD, EV 82.5 MPH)
|
| Top of the 2nd over - 1 run, 3 hits, 0 errors, 2 left on base; Connecticut 2 - Mahoning Valley 0 |
| BOTTOM OF THE 2ND |
|
Mahoning Valley Scrappers batting - Pitching for Connecticut Tigers : LHP Randolph Main
|
|
Batting: LHB Dave Key
|
0-0: Foul Ball, location: 2F 0-1: Ball 1-1: Foul Ball, location: 2F 1-2: Foul Ball, location: 2F 1-2: Ball 2-2: Foul Ball, location: 2F 2-2: SINGLE (Line Drive, 7S, EV 98.8 MPH)
|
|
Batting: RHB Andy Lewis
|
0-0: Fielders Choice at 2nd, 6-4 (Groundball, 6, EV 108.1 MPH)
|
|
Batting: RHB Jose Argueta
|
0-0: Ball 1-0: Swinging Strike 1-1: Foul Ball, location: 2F 1-2: Ball 2-2: Ball 3-2: Base on Balls Andy Lewis to second
|
|
Batting: LHB Rich Walker
|
0-0: Fly out, F7 (Flyball, 78S, EV 86.2 MPH)
|
|
Batting: RHB Jonathan Livingston
|
0-0: Ball 1-0: Ball 2-0: Foul Ball, location: 2F 2-1: Foul Ball, location: 2F 2-2: Fly out, F7 (Flyball, 7S, EV 90.6 MPH)
|
| Bottom of the 2nd over - 0 runs, 1 hit, 0 errors, 2 left on base; Connecticut 2 - Mahoning Valley 0 |
| TOP OF THE 3RD |
|
Connecticut Tigers batting - Pitching for Mahoning Valley Scrappers : RHP Mike Staley
|
|
Batting: SHB Ronnie Lundy
|
0-0: Ground out 4-3 (Groundball, 4M, EV 83.1 MPH)
|
|
Batting: RHB Yaremka Rzhevsky
|
0-0: Fly out, F8 (Flyball, 8LM, EV 79.4 MPH)
|
|
Batting: LHB Ryan Adams
|
0-0: Called Strike 0-1: Ball 1-1: Ground out 3-1 (Groundball, 13, EV 90.6 MPH)
|
| Top of the 3rd over - 0 runs, 0 hits, 0 errors, 0 left on base; Connecticut 2 - Mahoning Valley 0 |
| BOTTOM OF THE 3RD |
|
Mahoning Valley Scrappers batting - Pitching for Connecticut Tigers : LHP Randolph Main
|
|
Batting: LHB Kazuyoshi Nakamura
|
0-0: Ball 1-0: SINGLE (Line Drive, 8LS, EV 104.4 MPH)
|
|
Batting: LHB Ben Rubenacker
|
0-0: Called Strike 0-1: Foul Ball, location: 2F 0-2: Ball 1-2: Fly out, F7 (Line Drive, 7S, EV 101.9 MPH)
|
|
Batting: LHB Matt Steinke
|
0-0: Called Strike Kazuyoshi Nakamura steals 2nd base 0-1: Called Strike 0-2: Ball 1-2: Ball 2-2: Foul Ball, location: 2F 2-2: Ground out 1-3 (Groundball, 13S, EV 75.6 MPH) Kazuyoshi Nakamura to third
|
|
Batting: RHB Chris Folse
|
0-0: Ball 1-0: 2-RUN HOME RUN (Line Drive, 78XD, EV 115.6 MPH), Distance : 433 ft
|
|
Batting: LHB Dave Key
|
0-0: Ball 1-0: Called Strike 1-1: Foul Ball, location: 2F 1-2: Ball 2-2: Ball 3-2: Foul Ball, location: 2F 3-2: Foul Ball, location: 2F 3-2: Hit by Pitch
|
|
Batting: RHB Andy Lewis
|
0-0: Foul Ball, location: 2F 0-1: Ball 1-1: SINGLE (Groundball, 6MD, EV 98.8 MPH) Dave Key to second
|
|
Batting: RHB Jose Argueta
|
0-0: Swinging Strike 0-1: Ball 1-1: Ball 2-1: Called Strike 2-2: Strikes out swinging
|
| Bottom of the 3rd over - 2 runs, 3 hits, 0 errors, 2 left on base; Connecticut 2 - Mahoning Valley 2 |
| TOP OF THE 4TH |
|
Connecticut Tigers batting - Pitching for Mahoning Valley Scrappers : RHP Mike Staley
|
|
Batting: LHB Glen Boyle
|
0-0: Foul Ball, location: 2F 0-1: SINGLE (Line Drive, 78S, EV 101.9 MPH)
|
|
Batting: RHB Dustin Bursell
|
0-0: Ball 1-0: Ball 2-0: Foul Ball, location: 2F 2-1: Foul Ball, location: 2F 2-2: Foul Ball, location: 2F 2-2: Reached on error, E5 (Groundball, 56, EV 87.5 MPH) Glen Boyle to second
|
|
Batting: LHB Iestyn Peacock
|
0-0: Swinging Strike 0-1: Swinging Strike 0-2: Foul Ball, location: 2F 0-2: Strikes out swinging
|
|
Batting: RHB Seth Fox
|
0-0: Swinging Strike 0-1: Called Strike 0-2: Strikes out looking
|
|
Batting: RHB Tony Nunez
|
0-0: Called Strike 0-1: Ball 1-1: Called Strike 1-2: Strikes out looking
|
| Top of the 4th over - 0 runs, 1 hit, 1 error, 2 left on base; Connecticut 2 - Mahoning Valley 2 |
| BOTTOM OF THE 4TH |
|
Mahoning Valley Scrappers batting - Pitching for Connecticut Tigers : LHP Randolph Main
|
|
Batting: LHB Rich Walker
|
0-0: Called Strike 0-1: Swinging Strike 0-2: Ball 1-2: Ball 2-2: Ball 3-2: Base on Balls
|
|
Batting: RHB Jonathan Livingston
|
0-0: Swinging Strike 0-1: Ball 1-1: Foul Ball, location: 2F 1-2: Foul Ball, location: 2F 1-2: SINGLE (Groundball, 4MD, EV 100.0 MPH) Rich Walker to second Runner from 2nd tries for 3rd, SAFE, throw by CF made to third
|
|
Batting: LHB Kazuyoshi Nakamura
|
0-0: Fly out, F8 (Flyball, 8LXD, EV 100.0 MPH) Runner from 3rd tags up, SCORES, no throw by CF
|
|
Batting: LHB Ben Rubenacker
|
0-0: Ball 1-0: Foul Ball, location: 2F 1-1: Fielders Choice at 2nd, 3-6 (Groundball, 3, EV 80.0 MPH)
|
|
Batting: LHB Matt Steinke
|
0-0: Called Strike 0-1: Ball 1-1: Foul Ball, location: 2F 1-2: Strikes out swinging
|
| Bottom of the 4th over - 1 run, 1 hit, 0 errors, 1 left on base; Connecticut 2 - Mahoning Valley 3 |
| TOP OF THE 5TH |
|
Connecticut Tigers batting - Pitching for Mahoning Valley Scrappers : RHP Mike Staley
|
|
Batting: LHB Jon Pedlar
|
0-0: Called Strike 0-1: Ball 1-1: Foul Ball, location: 2F 1-2: Ball 2-2: Ball 3-2: SINGLE (Groundball, 34D, EV 98.8 MPH)
|
|
Batting: SHB Ronnie Lundy
|
0-0: Called Strike 0-1: Grounds into double play, 1-4-3 (Groundball, 15S, EV 67.5 MPH)
|
|
Batting: RHB Yaremka Rzhevsky
|
0-0: Ball 1-0: Fly out, F8 (Flyball, 89S, EV 94.4 MPH)
|
| Top of the 5th over - 0 runs, 1 hit, 0 errors, 0 left on base; Connecticut 2 - Mahoning Valley 3 |
| BOTTOM OF THE 5TH |
|
Mahoning Valley Scrappers batting - Pitching for Connecticut Tigers : LHP Randolph Main
|
|
Pitching: RHP Sho Sekine
|
|
|
Batting: RHB Chris Folse
|
0-0: Called Strike 0-1: Ball 1-1: Ball 2-1: Swinging Strike 2-2: Strikes out swinging
|
|
Batting: LHB Dave Key
|
0-0: Ball 1-0: Ground out 5-3 (Groundball, 56, EV 86.2 MPH)
|
|
Batting: RHB Andy Lewis
|
0-0: Called Strike 0-1: Ground out 6-3 (Groundball, 6M, EV 110.6 MPH)
|
| Bottom of the 5th over - 0 runs, 0 hits, 0 errors, 0 left on base; Connecticut 2 - Mahoning Valley 3 |
| TOP OF THE 6TH |
|
Connecticut Tigers batting - Pitching for Mahoning Valley Scrappers : RHP Mike Staley
|
|
Batting: LHB Ryan Adams
|
0-0: Ball 1-0: Called Strike 1-1: Foul Ball, location: 2F 1-2: Strikes out swinging
|
|
Batting: LHB Glen Boyle
|
0-0: Ball 1-0: Foul Ball, location: 2F 1-1: Called Strike 1-2: Fly out, F4 (Line Drive, 4, EV 69.4 MPH)
|
|
Batting: RHB Dustin Bursell
|
0-0: Ball 1-0: Foul Ball, location: 2F 1-1: Called Strike 1-2: Strikes out swinging
|
| Top of the 6th over - 0 runs, 0 hits, 0 errors, 0 left on base; Connecticut 2 - Mahoning Valley 3 |
| BOTTOM OF THE 6TH |
|
Mahoning Valley Scrappers batting - Pitching for Connecticut Tigers : RHP Sho Sekine
|
|
Batting: RHB Jose Argueta
|
0-0: Ball 1-0: Called Strike 1-1: Swinging Strike 1-2: Ball 2-2: Ball 3-2: Foul Ball, location: 2F 3-2: Ground out 6-3 (Groundball, 6, EV 85.0 MPH)
|
|
Batting: LHB Rich Walker
|
0-0: Ball 1-0: Ball 2-0: Called Strike 2-1: Ball 3-1: Base on Balls
|
|
Batting: RHB Jonathan Livingston
|
0-0: Ball 1-0: Ball 2-0: Called Strike 2-1: Foul Ball, location: 2F 2-2: Foul Ball, location: 2F 2-2: Ball 3-2: Foul Ball, location: 2F 3-2: TRIPLE (Flyball, 89XD, EV 89.4 MPH) Rich Walker scores
|
|
Batting: LHB Kazuyoshi Nakamura
|
0-0: Ball 1-0: Called Strike 1-1: Ball 2-1: Ground out 6-3 (Groundball, 6, EV 81.9 MPH)
|
|
Pitching: RHP Bert Hernandez
|
|
|
Batting: LHB Ben Rubenacker
|
0-0: Called Strike 0-1: Fly out, F7 (Flyball, 7, EV 88.1 MPH)
|
| Bottom of the 6th over - 1 run, 1 hit, 0 errors, 1 left on base; Connecticut 2 - Mahoning Valley 4 |
| TOP OF THE 7TH |
|
Connecticut Tigers batting - Pitching for Mahoning Valley Scrappers : RHP Mike Staley
|
|
Now at 1B: Kazuyoshi Nakamura
|
|
|
Now in LF: Travis Burnett
|
|
|
Now in RF: Chris Folse
|
|
|
Batting: LHB Iestyn Peacock
|
0-0: Foul Ball, location: 2F 0-1: Foul Ball, location: 2F 0-2: Ball 1-2: Strikes out looking
|
|
Batting: RHB Seth Fox
|
0-0: Called Strike 0-1: Swinging Strike 0-2: Ball 1-2: Foul Ball, location: 2F 1-2: Foul Ball, location: 2F 1-2: Ground out 6-3 (Groundball, 6, EV 87.5 MPH)
|
|
Batting: RHB Tony Nunez
|
0-0: Called Strike 0-1: Foul Ball, location: 2F 0-2: Hit by Pitch
|
|
Batting: LHB Jon Pedlar
|
0-0: Ball 1-0: Ball 2-0: Ground out 4-3 (Groundball, 4, EV 102.5 MPH)
|
| Top of the 7th over - 0 runs, 0 hits, 0 errors, 1 left on base; Connecticut 2 - Mahoning Valley 4 |
| BOTTOM OF THE 7TH |
|
Mahoning Valley Scrappers batting - Pitching for Connecticut Tigers : RHP Bert Hernandez
|
|
Batting: LHB Matt Steinke
|
0-0: Ball 1-0: Ball 2-0: Fly out, F8 (Flyball, 78S, EV 90.6 MPH)
|
|
Batting: RHB Chris Folse
|
0-0: Ball 1-0: Ball 2-0: Ball 3-0: Base on Balls
|
|
Batting: LHB Dave Key
|
0-0: Ball 1-0: Called Strike Chris Folse is caught stealing 2nd base 2-6 1-1: Swinging Strike 1-2: Ball 2-2: Strikes out swinging
|
| Bottom of the 7th over - 0 runs, 0 hits, 0 errors, 0 left on base; Connecticut 2 - Mahoning Valley 4 |
| TOP OF THE 8TH |
|
Connecticut Tigers batting - Pitching for Mahoning Valley Scrappers : RHP Mike Staley
|
|
Batting: SHB Ronnie Lundy
|
0-0: Called Strike 0-1: Called Strike 0-2: Strikes out looking
|
|
Pinch Hitting: LHB Steve Herrera
|
0-0: Foul Ball, location: 2F 0-1: Ball 1-1: Swinging Strike 1-2: Hit by Pitch
|
|
Pitching: LHP Micah Watson
|
|
|
Batting: LHB Ryan Adams
|
0-0: Fly out, F3 (Line Drive, 3, EV 71.9 MPH) Lined into DP, U3 (Line Drive, 3, EV 76.9 MPH)
|
| Top of the 8th over - 0 runs, 0 hits, 0 errors, 0 left on base; Connecticut 2 - Mahoning Valley 4 |
| BOTTOM OF THE 8TH |
|
Mahoning Valley Scrappers batting - Pitching for Connecticut Tigers : RHP Bert Hernandez
|
|
Now at 2B: Brandon Everett
|
|
|
Batting: RHB Andy Lewis
|
0-0: Ground out 4-3 (Groundball, 4, EV 93.8 MPH)
|
|
Batting: RHB Jose Argueta
|
0-0: Fly out, F7 (Flyball, 78M, EV 89.4 MPH)
|
|
Batting: LHB Rich Walker
|
0-0: Ball 1-0: Swinging Strike 1-1: Ball 2-1: Ball 3-1: Called Strike 3-2: Base on Balls
|
|
Batting: RHB Jonathan Livingston
|
0-0: Foul Ball, location: 2F 0-1: Ball 1-1: SINGLE (Flyball, 7LS, EV 91.9 MPH) Rich Walker to second
|
|
Batting: LHB Kazuyoshi Nakamura
|
0-0: Called Strike 0-1: Foul Ball, location: 2F 0-2: Strikes out swinging
|
| Bottom of the 8th over - 0 runs, 1 hit, 0 errors, 2 left on base; Connecticut 2 - Mahoning Valley 4 |
| TOP OF THE 9TH |
|
Connecticut Tigers batting - Pitching for Mahoning Valley Scrappers : LHP Micah Watson
|
|
Batting: LHB Glen Boyle
|
0-0: Fly out, F9 (Flyball, 89M, EV 86.2 MPH)
|
|
Batting: RHB Dustin Bursell
|
0-0: Swinging Strike 0-1: Called Strike 0-2: Ball 1-2: Strikes out looking
|
|
Batting: LHB Iestyn Peacock
|
0-0: DOUBLE (Line Drive, 9LM, EV 110.6 MPH)
|
|
Batting: RHB Seth Fox
|
0-0: Called Strike 0-1: TRIPLE (Line Drive, 89XD, EV 105.6 MPH) Iestyn Peacock scores
|
|
Batting: RHB Tony Nunez
|
0-0: Ball 1-0: Ball 2-0: Called Strike 2-1: Swinging Strike 2-2: Strikes out swinging
|
| Top of the 9th over - 1 run, 2 hits, 0 errors, 1 left on base; Connecticut 3 - Mahoning Valley 4 |
|